 Dungeon Sprint DCSS version 0.22.1-1-ga44c0e56f4 (webtiles) character file.

2492 KleinerIrrer the Black Belt (level 9, -8/61 HPs)
             Began as an Octopode Monk on Nov 2, 2018.
             Was a Believer of Jiyva.
             Mangled by a sun demon (16 damage)
             ... summoned by an orc high priest
             ... in the Dungeon (Sprint III: "The Ten Rune Challenge").
             The game lasted 00:04:11 (1849 turns).

KleinerIrrer the Black Belt (Octopode Monk)         Turns: 1849, Time: 00:04:11

Health: -8/61      AC: -6    Str: 13    XL:     9   Next: 52%
Magic:  9/9        EV: 14    Int: 12    God:    Jiyva [**....]
Gold:   30         SH:  0    Dex: 15    Spells: 8/8 levels left

rFire    . . .     SeeInvis .     - Unarmed
rCold    . . .     Gourm    .   (no shield)
rNeg     . . .     Faith    .   (helmet restricted)
rPois    .         Spirit   .   (no amulet)
rElec    .         Reflect  .   (no ring)
rCorr    .         Harm     .   (no ring)
MR       .....     NoTele   +   (no ring)
Stlth    +++.......             (no ring)
HPRegen  0.20/turn              (no ring)
MPRegen  0.11/turn              (no ring)
                                (no ring)
                                (no ring)

@: corroded
A: almost no armour, stealthy swim, amphibious, 8 rings, constrict 8, tentacle
spike 1, camouflage 1, clumsy 1, robust 1, shaggy fur 1, strong 1, gelatinous
body 1
a: Request Jelly, Renounce Religion


You were in the Dungeon.
You worshipped Jiyva.
Jiyva was pleased with you.
You were not hungry.

You visited 1 branch You collected 30 gold pieces.

Inventory:

Jewellery
 i - an uncursed ring of fire
Scrolls
 g - a scroll of blinking
 j - a scroll of torment
 l - 3 scrolls of remove curse
 n - a scroll of holy word {unknown}
Potions
 b - 2 potions of curing
 c - a potion of heal wounds
 d - a potion of haste
 e - 2 potions of magic
 f - a potion of berserk rage
 h - 2 potions of ambrosia
 m - a potion of flight {unknown}
 o - a potion of lignification {unknown}
 p - 2 potions of might
Comestibles
 a - 5 rations
 q - a chunk of flesh


   Skills:
 - Level 3.0 Fighting
 - Level 3.0 Dodging
 - Level 2.6 Stealth
 + Level 19.6 Unarmed Combat


You had 8 spell levels left.
You didn't know any spells.
Your spell library contained the following spells:

 Spells                   Type           Power        Failure   Level  Hunger
 Animate Skeleton         Necr           N/A          32%         1    ##.....
 Apportation              Tloc           #.....       32%         1    ##.....
 Confusing Touch          Hex            #.....       32%         1    ##.....
 Summon Small Mammal      Summ           #...         32%         1    ##.....


Dungeon Overview and Level Annotations

Branches:
Dungeon (1/1)

Altars:
Cheibriados
Dithmenos
Elyvilon
Fedhas
Gozag
Hepliaklqana
Kikubaaqudgha
Makhleb
Nemelex Xobeh
Okawaru
Qazlal
Ru
Sif Muna
Trog
Uskayaw
Vehumet
Wu Jian
Xom
Yredelemnul
Zin
The Shining One
Beogh
Jiyva
Lugonu


Innate Abilities, Weirdness & Mutations

You cannot wear most types of armour.
You are very stealthy in the water. (Stealth+)
You are amphibious.
You can wear up to eight rings at the same time.
You can use your tentacles to constrict eight enemies at once.
Your skin changes colour to match your surroundings (Stealth+).
Your rubbery body absorbs attacks. (AC +1, EV +1)
One of your tentacles bears a spike.
You are clumsy. (Dex -2)
You are robust. (+10% HP)
You are covered in fur. (AC +1)
Your muscles are strong. (Str +2)


Message History

You tentacle-slap the orc high priest.
You pierce the orc high priest, but do no damage.
The orc high priest is severely wounded.
You constrict the orc high priest. The sun demon barely misses you.
The rust devil closely misses you.
Unknown command.
You bludgeon the orc high priest!
The orc high priest is almost dead.
You constrict the orc high priest. The sun demon barely misses you.
The orc high priest closely misses you. The rust devil barely misses you.
Unknown command.
You tentacle-slap the orc high priest but do no damage.
You pierce the orc high priest, but do no damage.
You tentacle-slap the orc high priest, but do no damage.
You squeeze the orc high priest, but do no damage.
The orc high priest is almost dead.
You constrict the orc high priest. The sun demon hits you!
* * * LOW HITPOINT WARNING * * *
You are engulfed in flames!
You die...

♣ ♣♣.#___#___#__#$$##$ ♣
♣..#)..#__.#)_#$$.o
♣♣♣♣..###'#'###÷##$$.
♣..♣♣.#..........#..
≈..♣♣.'.⌠........#o#
≈≈≈.♣.#...######'#o#
≈≈....#.⌠.#_J#...#'#####
≈.....#...#__#..J#o.≈≈§+
......#)###__#..@#§#§§§#
......#...#__#.43o4#§§.#
......#___#__'...#.#§§§#
▓▓▓▓▓▓▓▓▓▓▓▓▓▓▓▓▓▓▓▓▓▓▓▓


You could see an orc high priest, a sun demon, 2 rust devils and a neutral jelly
(fellow slime).

Vanquished Creatures
  Josephine (D)
  A deep elf mage (D)
  An orc sorcerer (D)
  A shadow (D)
  A spatial vortex (D)
  An orc warrior (D)
  A necrophage (D)
  A water elemental (D)
  A jelly (D)
  Crazy Yiuf (D)
  2 orc priests (D)
  A wizard (D)
  A necromancer (D)
  3 humans (D)
  A kobold demonologist (D)
  An ooze (D)
  3 orcs (D)
  3 rats (D)
25 creatures vanquished.

Vanquished Creatures (others)
  2 draconian scorchers (D)
  6 hellions (D)
  3 yaktaurs (D)
  A plant (D)
12 creatures vanquished.

Grand Total: 37 creatures vanquished

Notes
Turn   | Place    | Note
-------+----------+-------------------------------------------
     0 | D        | KleinerIrrer the Octopode Monk began the quest for the Orb.
     0 | D        | Reached XP level 1. HP: 16/16 MP: 1/1
     9 | D        | Reached skill level 4 in Unarmed Combat
    78 | D        | Killed a yaktaur
    89 | D        | Killed a yaktaur
    91 | D        | Killed a yaktaur
   107 | D        | Killed a hellion
   110 | D        | Killed a hellion
   111 | D        | Killed a hellion
   127 | D        | Reached XP level 2. HP: 21/21 MP: 2/2
   153 | D        | Killed a hellion
   153 | D        | Killed a hellion
   165 | D        | Reached skill level 6 in Unarmed Combat
   165 | D        | Reached XP level 3. HP: 3/26 MP: 3/3
   175 | D        | Killed a hellion
   189 | D        | Killed a white draconian scorcher
   198 | D        | Killed a white draconian scorcher
   456 | D        | Noticed Crazy Yiuf
   476 | D        | Killed Crazy Yiuf
   476 | D        | Reached skill level 7 in Unarmed Combat
   667 | D        | Gained mutation: Your magical capacity is low. (-10% MP)
                  | [potion of mutation]
   667 | D        | Gained mutation: One of your tentacles bears a spike.
                  | [potion of mutation]
   667 | D        | Gained mutation: You possess an exceptional clarity of
                  | mind. [potion of mutation]
   668 | D        | Lost mutation: You possess an exceptional clarity of mind.
                  | [potion of mutation]
   668 | D        | Lost mutation: One of your tentacles bears a spike. [potion
                  | of mutation]
   668 | D        | Lost mutation: Your magical capacity is low. (-10% MP)
                  | [potion of mutation]
   668 | D        | Gained mutation: You are agile. (Dex +2) [potion of
                  | mutation]
   668 | D        | Gained mutation: One of your tentacles bears a spike.
                  | [potion of mutation]
   669 | D        | Lost mutation: One of your tentacles bears a spike. [potion
                  | of mutation]
   669 | D        | Lost mutation: You are agile. (Dex +2) [potion of mutation]
   669 | D        | Gained mutation: You possess an exceptional clarity of
                  | mind. [potion of mutation]
   669 | D        | Gained mutation: You are covered in fur. (AC +1) [potion of
                  | mutation]
   669 | D        | Gained mutation: One of your tentacles bears a spike.
                  | [potion of mutation]
   669 | D        | Gained mutation: You are somewhat resistant to further
                  | mutation. [potion of mutation]
   687 | D        | Lost mutation: You are somewhat resistant to further
                  | mutation. [potion of mutation]
   687 | D        | Lost mutation: You possess an exceptional clarity of mind.
                  | [potion of mutation]
   687 | D        | Gained mutation: You are clumsy. (Dex -2) [potion of
                  | mutation]
   687 | D        | Gained mutation: You are robust. (+10% HP) [potion of
                  | mutation]
   687 | D        | Gained mutation: Your muscles are strong. (Str +2) [potion
                  | of mutation]
   690 | D        | Noticed a water elemental
   696 | D        | Killed a water elemental
   696 | D        | Reached skill level 9 in Unarmed Combat
   696 | D        | Reached XP level 4. HP: 8/34 MP: 4/4
   929 | D        | Found a radiant altar of Vehumet.
   929 | D        | Found a deep blue altar of Sif Muna.
   929 | D        | Found an ancient bone altar of Kikubaaqudgha.
   929 | D        | Noticed a wizard
   932 | D        | Killed a wizard
   932 | D        | Reached skill level 10 in Unarmed Combat
   932 | D        | Reached XP level 5. HP: 13/39 MP: 5/5
  1153 | D        | Found a glowing silver altar of Zin.
  1153 | D        | Found a glowing golden altar of the Shining One.
  1153 | D        | Found a white marble altar of Elyvilon.
  1154 | D        | Noticed a deep elf mage
  1160 | D        | Killed a deep elf mage
  1160 | D        | Reached skill level 14 in Unarmed Combat
  1160 | D        | Reached XP level 6. HP: 30/46 MP: 6/6
  1160 | D        | Reached XP level 7. HP: 32/50 MP: 7/7
  1273 | D        | Found a hide-covered altar of Uskayaw.
  1273 | D        | Found a roughly hewn altar of Beogh.
  1273 | D        | Found an iron altar of Okawaru.
  1273 | D        | Found a bloodstained altar of Trog.
  1273 | D        | Found an ornate altar of the Wu Jian Council.
  1273 | D        | Noticed a human
  1273 | D        | Noticed a human
  1278 | D        | Killed a human
  1278 | D        | Reached skill level 15 in Unarmed Combat
  1283 | D        | Killed a human
  1283 | D        | Reached skill level 16 in Unarmed Combat
  1431 | D        | Found a basalt altar of Yredelemnul.
  1431 | D        | Found a shadowy altar of Dithmenos.
  1431 | D        | Found a sacrificial altar of Ru.
  1433 | D        | Reached XP level 8. HP: 55/57 MP: 8/8
  1639 | D        | Noticed a shadow
  1643 | D        | Killed a shadow
  1757 | D        | Found a blossoming altar of Fedhas.
  1757 | D        | Found a stormy altar of Qazlal.
  1758 | D        | Found a snail-covered altar of Cheibriados.
  1758 | D        | Found a burning altar of Makhleb.
  1758 | D        | Found a hazy altar of Hepliaklqana.
  1758 | D        | Found a shimmering altar of Xom.
  1758 | D        | Found an opulent altar of Gozag.
  1758 | D        | Found a sparkling altar of Nemelex Xobeh.
  1758 | D        | Found a corrupted altar of Lugonu.
  1758 | D        | Found a viscous altar of Jiyva.
  1768 | D        | Reached skill level 17 in Unarmed Combat
  1770 | D        | Became a worshipper of Jiyva Jiotho the Shapeless
  1770 | D        | Reached * piety under Jiyva
  1770 | D        | Reached ** piety under Jiyva
  1782 | D        | Noticed Josephine
  1789 | D        | Killed Josephine
  1789 | D        | Reached skill level 18 in Unarmed Combat
  1789 | D        | Reached XP level 9. HP: 59/61 MP: 9/9
  1802 | D        | Noticed an orc sorcerer
  1821 | D        | Killed an orc sorcerer
  1821 | D        | Reached skill level 19 in Unarmed Combat
  1827 | D        | Noticed an orc high priest
  1841 | D        | Noticed a rust devil
  1841 | D        | Noticed a rust devil
  1842 | D        | Noticed a sun demon
  1849 | D        | Mangled by a sun demon

Skill      XL: |  1  2  3  4  5  6  7  8  9 |
---------------+----------------------------+-----
Unarmed Combat | 4 6 9 10 14 16 18 19 | 19.6
Fighting       | |  3.0
Dodging        | |  3.0
Stealth        | |  2.6

Action                   |  1- 3 |  4- 6 |  7- 9 || total
-------------------------+-------+-------+-------++-------
Melee: Unarmed           |    27 |    12 |    56 ||    95
       Constrict         |     3 |     1 |    11 ||    15
       Tentacles         |     5 |       |    13 ||    18
       Punch             |     2 |     1 |     8 ||    11
       Kick              |     2 |     3 |    24 ||    29
  Use: Potion            |     4 |       |       ||     4
       Scroll            |       |       |     2 ||     2
 Stab: Sleeping          |     2 |     1 |     3 ||     6
  Eat: Chunk             |       |       |     3 ||     3
Armor: Skin              |     1 |       |       ||     1
Dodge: Dodged            |    11 |     2 |    22 ||    35
